 Dungeon Crawl Stone Soup version 0.17.1-1-g73c8601 (webtiles) character file.

8470 thevtm the Cleaver (level 11, -9/101 HPs)
             Began as a Minotaur Berserker on Dec 19, 2015.
             Was an Elder of Trog.
             Killed from afar by an electric eel (11 damage)
             ... with a bolt of electricity
             ... on level 10 of the Dungeon on Dec 20, 2015.
             The game lasted 00:54:45 (11032 turns).

thevtm the Cleaver (Minotaur Berserker)            Turns: 11032, Time: 00:54:45

Health: -9/101     AC: 12    Str: 25    XL:     11   Next: 10%
Magic:  10/10      EV: 12    Int:  4    God:    Trog [****..]
Gold:   499        SH:  0    Dex: 10    Spells: 0 memorised, 10 levels left

rFire  . . .     SeeInvis .     y - +1 war axe (chop)
rCold  . . .     Clarity  .     c - +0 ring mail
rNeg   . . .     SustAt   .     (no shield)
rPois  .         Gourm    .     (helmet restricted)
rElec  .         Spirit   .     v - +2 cloak
rCorr  .         Warding  .     (no gloves)
rMut   +         Stasis   .     p - +0 pair of boots
MR     .....                    l - amulet of resist mutation
Stlth  +.........               (no ring)
                                (no ring)

@: exhausted, slowed, very slow, not resistant to hostile enchantments, very
unstealthy
A: retaliatory headbutt, horns 2
a: Berserk, Trog's Hand, Brothers in Arms, Burn Spellbooks, Renounce Religion


You were on level 10 of the Dungeon.
You worshipped Trog.
Trog was greatly pleased with you.
You were very hungry.

You visited 1 branch of the dungeon, and saw 10 of its levels.

You collected 579 gold pieces.
You spent 80 gold pieces at shops.

Inventory:

Hand Weapons
 a - a +0 hand axe
 y - a +1 war axe of chopping (weapon)
 z - a +0 battleaxe
Armour
 b - a +0 animal skin
 c - a +0 ring mail (worn)
 p - a +0 pair of boots (worn)
 v - a +2 cloak (worn)
Jewellery
 l - an amulet of resist mutation (around neck)
 G - an uncursed ring of ice
Wands
 q - a wand of fire (7)
 u - a wand of slowing (22)
 x - a wand of confusion (35)
 A - a wand of confusion (10)
 C - a wand of slowing (8)
 F - a wand of flame (32)
 K - a wand of magic darts (22)
Scrolls
 d - 5 scrolls of remove curse {unknown}
 e - 2 scrolls of magic mapping {unknown}
 f - 15 scrolls of identify {unknown}
 g - 2 scrolls of immolation {unknown}
 j - 3 scrolls of teleportation
 o - 2 scrolls of blinking {unknown}
 r - 3 scrolls of fear {unknown}
 t - 2 scrolls of fog
 w - a scroll of random uselessness {unknown}
 B - a scroll of amnesia {unknown}
Potions
 k - 7 potions of curing {unknown}
 m - a potion of flight {unknown}
 n - a potion of degeneration {unknown}
 D - a potion of heal wounds {unknown}
 E - a potion of might {unknown}
 H - a potion of cancellation {unknown}
Books
 I - a book of the Sky

   Spells                             Type                      Level
   a - Summon Lightning Spire         Summoning/Air                4
   b - Airstrike                      Air                          4
   c - Silence                        Hexes/Air                    5
   d - Deflect Missiles               Charms/Air                   6
   e - Conjure Ball Lightning         Conjuration/Air              6
   f - Tornado                        Air                          9
   Trog disapproves of the use of such an item.
Comestibles
 h - 6 meat rations
 i - 8 bread rations
 s - 7 beef jerkies
 J - 2 slices of pizza


   Skills:
 + Level 10.8 Fighting
 * Level 14.2 Axes
 + Level 10.4 Armour
 - Level 2.9 Dodging
 - Level 0.3 Stealth


You had 10 spell levels left.
You didn't know any spells.

Dungeon Overview and Level Annotations

Branches:
Dungeon (10/15)            Temple (0/1) D:4
   Lair: D:8-11         Orc: D:9-12

Altars:
Cheibriados
Elyvilon
Gozag
Makhleb
Nemelex Xobeh
Okawaru
Ru
Trog
Vehumet
Xom
The Shining One

Shops:
D:4 :?=*%


Innate Abilities, Weirdness & Mutations

You reflexively headbutt those who attack you in melee.
You have a pair of horns on your head.


Message History

* * * LOW HITPOINT WARNING * * *
The bolt of electricity hits the electric eel.
The electric eel completely resists.
You feel a strong urge to attack something.
The electric eel shoots out a bolt of lightning at you!
The bolt of electricity hits you!
* * * LOW HITPOINT WARNING * * *
You are no longer berserk.
You are exhausted.
You feel yourself slow down.
You are feeling very hungry.
The electric eel shoots out a bolt of lightning at you!
The bolt of electricity hits you!
* * * LOW HITPOINT WARNING * * *
The electric eel shoots out a bolt of lightning at you!
The bolt of electricity hits you!
* * * LOW HITPOINT WARNING * * *
The electric eel shoots out a bolt of lightning at you!
The bolt of electricity hits you!
You die...

#.......# #.......#
#........
..P...♣..###
P≈≈.≈≈≈P♣..#
...≈≈≈♣≈≈P.#
≈≈≈≈≈≈≈≈P#
≈≈≈≈≈.≈;.#######
≈≈.≈≈.≈≈♣....@.#
≈≈≈≈.≈≈P.#####.#
P..♣.#P#.# #.# # .#
####### #.# . #.#
##############.##.#
#..<.........#.##.#
....########.#.##.#
....### #.#.#..#


You could see an electric eel.

Vanquished Creatures
  The ghost of apoch the Nimble, a novice TrMo of Dithmenos (D:10)
  Pikel (D:6)
  A griffon (D:8)
  Joseph (D:8)
  The ghost of apoch the Cudgeler, an amateur DsCK of Xom (D:4)
  A troll (D:10)
  Prince Ribbit (D:7)
  2 two-headed ogres
  A deep elf mage (D:10)
  A wyvern (D:8)
  A hungry ghost (D:9)
  Eustachio (D:4)
  4 hippogriffs
  Menkaure (D:5)
  3 orc warriors
  A black bear (D:9)
  The ghost of smackjaw the Skirmisher, an amateur HOAK of Lugonu (D:3)
  An eye of draining (D:9)
  A slave (D:6)
  2 ice beasts (D:9)
  2 phantoms (D:9)
  5 centaurs
  9 ogres
  A sky beast (D:8)
  Blork the orc (D:6)
  A gnoll sergeant (D:8)
  4 giant frogs
  3 scorpions
  2 electric eels (D:10)
  10 wights
  3 jellies
  2 crimson imps
  2 giant frog skeletons
  Crazy Yiuf (D:4)
  A quasit (D:7)
  6 orc wizards
  6 hounds
  5 iguanas
  9 worker ants
  10 gnolls
  8 adders
  2 shadow imps
  An adder zombie (D:6)
  An ooze (D:4)
  An adder skeleton (D:8)
  2 worms
  7 giant geckos
  20 orcs
  6 bats
  8 giant cockroaches
  13 goblins
  14 hobgoblins
  5 quokkas
  5 ball pythons
  A giant gecko zombie (D:8)
  6 giant newts
  9 jackals
  3 kobolds (D:2)
  7 rats
  A plant (D:10)
230 creatures vanquished.

Vanquished Creatures (others)
  An adder zombie (D:10)
  10 plants (D:10)
11 creatures vanquished.

Grand Total: 241 creatures vanquished

Notes
Turn   | Place    | Note
--------------------------------------------------------------
     0 | D:1      | thevtm the Minotaur Berserker began the quest for the Orb.
     0 | D:1      | Reached XP level 1. HP: 19/19 MP: 0/0
   292 | D:1      | Reached XP level 2. HP: 27/27 MP: 1/1
   764 | D:1      | Reached skill level 4 in Axes
  1082 | D:2      | Found a radiant altar of Vehumet.
  1162 | D:2      | Reached ** piety under Trog
  1162 | D:2      | Reached XP level 3. HP: 30/33 MP: 2/2
  2048 | D:2      | Reached XP level 4. HP: 41/41 MP: 3/3
  2509 | D:3      | Reached skill level 5 in Axes
  2642 | D:3      | Reached *** piety under Trog
  2671 | D:3      | Noticed smackjaw's ghost (amateur HOAK)
  2698 | D:3      | Killed smackjaw's ghost
  2698 | D:3      | Reached XP level 5. HP: 9/47 MP: 4/4
  2999 | D:3      | Found a white marble altar of Elyvilon.
  2999 | D:3      | Found a burning altar of Makhleb.
  3165 | D:3      | Found a shimmering altar of Xom.
  3167 | D:3      | Found a sacrificial altar of Ru.
  3352 | D:3      | Found an iron altar of Okawaru.
  3353 | D:3      | Found an opulent altar of Gozag.
  3391 | D:3      | Reached skill level 5 in Fighting
  3598 | D:4      | Noticed apoch's ghost (amateur DsCK)
  3612 | D:4      | Killed apoch's ghost
  3612 | D:4      | Reached skill level 6 in Axes
  3612 | D:4      | Reached XP level 6. HP: 35/56 MP: 5/5
  3781 | D:4      | Found Uherch's Food Shoppe.
  3818 | D:4      | Found a staircase to the Ecumenical Temple.
  3853 | D:4      | Found a sacrificial altar of Ru.
  3887 | D:4      | Reached skill level 7 in Axes
  3892 | D:4      | Found Ruestyne's Book Shoppe.
  3897 | D:4      | Found Vonaom's Jewellery Shoppe.
  3983 | D:4      | Found Doqer's Magic Scroll Shop.
  3991 | D:4      | Bought a scroll of fog for 20 gold pieces
  3991 | D:4      | Bought 2 scrolls of teleportation for 60 gold pieces
  4042 | D:4      | Noticed Eustachio
  4054 | D:4      | Killed Eustachio
  4054 | D:4      | Reached XP level 7. HP: 54/62 MP: 6/6
  4129 | D:4      | Reached skill level 5 in Armour
  4204 | D:4      | Noticed Crazy Yiuf
  4213 | D:4      | Killed Crazy Yiuf
  4457 | D:4      | Found Iggu's Assorted Antiques.
  4485 | D:4      | Reached skill level 8 in Axes
  4687 | D:5      | Entered Level 5 of the Dungeon
  4910 | D:5      | Reached XP level 8. HP: 66/71 MP: 7/7
  5289 | D:5      | Reached skill level 9 in Axes
  5586 | D:5      | Noticed Menkaure
  5589 | D:5      | Killed Menkaure
  6150 | D:6      | Noticed Pikel
  6158 | D:6      | Killed Pikel
  6158 | D:6      | Reached skill level 10 in Axes
  6245 | D:6      | Found a snail-covered altar of Cheibriados.
  6268 | D:6      | Reached XP level 9. HP: 81/81 MP: 8/8
  6282 | D:6      | Noticed a two-headed ogre
  6291 | D:6      | Killed a two-headed ogre
  6881 | D:6      | Noticed Blork the orc
  6885 | D:6      | Reached **** piety under Trog
  6891 | D:6      | Killed Blork the orc
  7103 | D:7      | Reached skill level 11 in Axes
  7171 | D:7      | Found a sparkling altar of Nemelex Xobeh.
  7264 | D:7      | Found a glowing golden altar of the Shining One.
  7688 | D:7      | Noticed Prince Ribbit
  7700 | D:7      | Killed Prince Ribbit
  8146 | D:8      | Reached skill level 12 in Axes
  8197 | D:8      | Noticed a griffon
  8207 | D:8      | Killed a griffon
  8207 | D:8      | Reached XP level 10. HP: 69/91 MP: 9/9
  8555 | D:8      | Noticed Joseph
  8555 | D:8      | Paralysed by Joseph for 5 turns
  8563 | D:8      | Paralysed by Joseph for 3 turns
  8580 | D:8      | Killed Joseph
  8843 | D:8      | Reached skill level 10 in Fighting
  9030 | D:8      | Reached skill level 13 in Axes
  9561 | D:9      | Found a bloodstained altar of Trog.
  9907 | D:9      | Reached skill level 10 in Armour
 10184 | D:10     | Entered Level 10 of the Dungeon
 10603 | D:10     | Reached ***** piety under Trog
 10662 | D:10     | Noticed apoch's ghost (novice TrMo)
 10668 | D:10     | Received a gift from Trog
 10668 | D:10     | Reached skill level 14 in Axes
 10677 | D:10     | Killed apoch's ghost
 10677 | D:10     | Reached XP level 11. HP: 101/101 MP: 10/10
 11030 | D:10     | HP: 1/101 [electric eel/bolt of electricity (6)]
 11032 | D:10     | Killed from afar by an electric eel

Action                   |  1- 3 |  4- 6 |  7- 9 | 10-12 || total
-------------------------+-------+-------+-------+-------++-------
Melee: Hand axe          |    97 |   110 |   126 |       ||   333
       War axe           |       |       |   107 |   192 ||   299
Invok: Berserk           |     2 |     3 |    10 |     4 ||    19
       Trog's Hand       |       |     1 |     4 |     2 ||     7
       Burn Spellbooks   |       |       |       |     1 ||     1
 Stab: Distracted        |     1 |       |       |       ||     1
  Eat: Bread ration      |     1 |     1 |       |       ||     2
       Chunk             |       |     5 |    22 |    10 ||    37
       Beef jerky        |       |       |     1 |     1 ||     2
       Royal jelly       |       |       |     1 |       ||     1
